 Dungeon Crawl Stone Soup version 0.24-a0-520-g8fd06ad0bc (webtiles) character file.

Game seed: 16525386754278232067

505 RedPan the Changer (level 6, -15/47 HPs)
             Began as a Draconian Transmuter on July 26, 2019.
             Was an Initiate of Makhleb.
             Demolished by Menkaure (17 damage)
             ... on level 4 of the Dungeon.
             The game lasted 00:08:20 (4759 turns).

RedPan the Changer (Draconian Transmuter)           Turns: 4759, Time: 00:08:20

Health: -15/47     AC:  2    Str: 13    XL:     6   Next: 96%
Magic:  6/9        EV: 19    Int: 15    God:    Makhleb [......]
Gold:   132        SH:  0    Dex: 16    Spells: 3/9 levels left

rFire    . . .     SeeInvis .     - Unarmed
rCold    . . .     Gourm    .   (shield currently unavailable)
rNeg     . . .     Faith    .   (armour unavailable)
rPois    x         Spirit   .   (helmet currently unavailable)
rElec    .         Reflect  .   (cloak currently unavailable)
rCorr    .         Harm     .   (gloves currently unavailable)
MR       .....                  (boots currently unavailable)
Stlth    +.........             (no amulet)
HPRegen  0.15/turn              (no ring)
MPRegen  0.11/turn              (no ring)

@: spider-form
A: tiny, unfitting armour, AC +6
a: End Transformation, Renounce Religion


You were on level 4 of the Dungeon.
You worshipped Makhleb.
Makhleb was noncommittal.
You were hungry.
You were a venomous arachnid creature.
You visited 2 branches of the dungeon, and saw 5 of its levels.

You collected 132 gold pieces.

Inventory:

Missiles
 a - 9 arrows
Wands
 j - a wand of paralysis (6)
 l - a wand of disintegration (8)
Scrolls
 f - 2 scrolls of enchant armour
 h - a scroll of amnesia
 i - a scroll of remove curse
 k - a scroll of enchant weapon {unknown}
 m - a scroll of random uselessness {unknown}
Potions
 b - 3 potions of haste
 d - 2 potions of lignification {unknown}
 e - 2 potions of curing {unknown}
 g - a potion of brilliance {unknown}
 n - a potion of magic {unknown}
 o - a potion of agility {unknown}
Comestibles
 c - 6 rations


   Skills:
 + Level 1.3 Fighting
 + Level 1.9 Dodging
 + Level 3.2 Unarmed Combat
 - Level 2.0 Spellcasting
 - Level 6.0 Transmutations
 - Level 4.0 Poison Magic
 + Level 0.1 Invocations


You had 3 spell levels left.
You knew the following spells:

 Your Spells              Type           Power        Failure   Level  Hunger
a - Beastly Appendage     Tmut           ###...       8%          1    #......
b - Sticks to Snakes      Tmut           ###.....     10%         2    ###....
c - Spider Form           Tmut/Pois      ###.......   22%         3    ###....

Your spell library contained the following spells:

 Spells                   Type           Power        Failure   Level  Hunger
 Blade Hands              Tmut           ###.......   67%         5    ######.
 Ice Form                 Ice/Tmut       ##......     75%         4    #####..


Dungeon Overview and Level Annotations

Branches:
Dungeon (4/15)             Temple (1/1) D:4

Altars:
Ashenzari
Cheibriados
Dithmenos
Elyvilon
Fedhas
Gozag
Hepliaklqana
Kikubaaqudgha
Makhleb
Nemelex Xobeh
Okawaru
Qazlal
Ru
Sif Muna
Trog
Uskayaw
Vehumet
Wu Jian
Xom
Yredelemnul
Zin
The Shining One

Annotations:
D:4 Menkaure


Innate Abilities, Weirdness & Mutations

((Your plain brown scales are hard. (AC +6)))
You cannot fit into any form of body armour.
((You are cold-blooded and may be slowed by cold attacks.))


Message History

Your body is wracked with pain!
Menkaure is nearby!
Casting: Spider Form (safe; 9% risk of failure)
Confirm with . or Enter, or press ? or * to list all spells.
You turn into a venomous arachnid creature.
You hit Menkaure.
Menkaure is moderately damaged.
You hit Menkaure.
Menkaure is moderately damaged.
Menkaure hits you!!
Ouch! That really hurt!
* * * LOW HITPOINT WARNING * * *
You hit Menkaure.
Menkaure is moderately damaged.
Menkaure casts a spell.
Menkaure seems to speed up.
You hit Menkaure.
Menkaure is moderately damaged.
Menkaure hits you!
You die...

##.### ##.....## ##
#.# ##...## #.# ##'##
#.# #.# #########.#
#.........#####
#.###.######..)...####
#...M................#
#s######......##.# #.#
#...#......
#.######.#.#####.#
#........#.# #.#
##########.#####.#
#.......# #########


You could see Menkaure.

Vanquished Creatures
  Sigmund (D:3)
  Blork the orc (D:4)
  A scorpion (D:4)
  A crimson imp (D:3)
  A centaur skeleton (D:4)
  A hound (D:3)
  An orc wizard (D:4)
  3 adders
  3 oozes
  6 leopard geckos
  5 orcs
  9 bats
  4 giant cockroaches
  13 goblins
  3 hobgoblins
  2 quokkas
  3 ball pythons
  4 frilled lizards
  8 kobolds
  5 rats
75 creatures vanquished.

Vanquished Creatures (collateral kills)
  A kobold (D:3)
1 creature vanquished.

Grand Total: 76 creatures vanquished

Notes
Turn   | Place    | Note
-------+----------+-------------------------------------------
     0 | D:1      | RedPan the Draconian Transmuter began the quest for the
                  | Orb.
     0 | D:1      | Reached XP level 1. HP: 16/16 MP: 3/3
    48 | D:1      | Reached XP level 2. HP: 12/23 MP: 1/5
    90 | D:1      | HP: 1/23 [kobold/+0 whip (7)]
   452 | D:1      | Reached skill level 3 in Transmutations
   743 | D:1      | Learned a level 2 spell: Sticks to Snakes
  1006 | D:1      | Reached XP level 3. HP: 26/28 MP: 4/6
  1011 | D:1      | Learned a level 3 spell: Spider Form
  1720 | D:2      | Found a faded altar of an unknown god.
  1787 | D:2      | Reached skill level 1 in Poison Magic
  2435 | D:3      | Reached skill level 4 in Transmutations
  2435 | D:3      | Reached XP level 4. HP: 33/35 MP: 3/7
  2749 | D:3      | Noticed Sigmund
  2762 | D:3      | Killed Sigmund
  2762 | D:3      | Reached skill level 5 in Transmutations
  2762 | D:3      | Reached XP level 5. HP: 27/40 MP: 5/8
  2762 | D:3      | Reached XP level 6. HP: 32/47 MP: 5/9
  3794 | D:4      | Noticed Blork the orc
  3804 | D:4      | Killed Blork the orc
  3907 | D:4      | Reached skill level 6 in Transmutations
  4249 | D:4      | Found a basalt altar of Yredelemnul.
  4297 | D:4      | Found a staircase to the Ecumenical Temple.
  4303 | Temple   | Entered the Ecumenical Temple
  4499 | Temple   | Became a worshipper of Makhleb the Destroyer
  4752 | D:4      | Noticed Menkaure
  4757 | D:4      | HP: 1/47 [Menkaure (24)]
  4759 | D:4      | Demolished by Menkaure

Levels and vault maps discovered:
D:1:      dpeg_arrival_rooms_b, layout_rooms, nrook_loot_triangle
D:2:      layout_loops_cross, chequers_ecumenical_altar_simple, first_ration,
          bh_walls_and_bars
D:3:      layout_loops_ring, uniq_sigmund
D:4:      layout_loops_corners, lemuel_doored_altar,
          minmay_temple_entry_metal_lava, grunt_ministairs_11, uniq_menkaure,
          uniq_blork_the_orc
Temple:   minmay_crystal_snake_temple

Skill      XL: |  1  2  3  4  5  6 |
---------------+-------------------+-----
Transmutations | 3 4 5 6 |  6.0
Poison Magic   | 1 3 4 |  4.0
Fighting       | |  1.3
Dodging        | |  1.9
Unarmed Combat | |  3.2
Spellcasting   | |  2.0
Invocations    | |  0.1

Action                   |  1- 3 |  4- 6 || total
-------------------------+-------+-------++-------
Melee: Unarmed           |   181 |   131 ||   312
       Headbutt          |     3 |       ||     3
       Tailslap          |    12 |     8 ||    20
       Punch             |     4 |     3 ||     7
       Kick              |     4 |     3 ||     7
 Cast: Beastly Appendage |    11 |     2 ||    13
       Spider Form       |     1 |     7 ||     8
       Sticks to Snakes  |       |     2 ||     2
  Use: Scroll            |     4 |     2 ||     6
  Eat: Chunk             |     5 |     8 ||    13
Armor: Skin              |    74 |    33 ||   107
Dodge: Dodged            |   140 |    96 ||   236

Table legend:
 A = Non-vault XP
 B = Vault XP
 C = Vault XP percentage of total XP
 D = Non-vault monster count
 E = Vault monster count
 F = Vault count percentage of total count
                 A         B        C        D         E       F
            +---------+---------+-------+---------+---------+-------
      Total |     419 |     303 |  42.0 |      74 |       2 |   2.6
            +---------+---------+-------+---------+---------+-------
        D:1 |      50 |       0 |   0.0 |      24 |       0 |   0.0
        D:2 |      36 |       0 |   0.0 |      15 |       0 |   0.0
        D:3 |     137 |     227 |  62.4 |      23 |       1 |   4.2
        D:4 |     196 |      76 |  27.9 |      12 |       1 |   7.7
            +---------+---------+-------+---------+---------+-------
